Map: Ancient Cistern LE

Players

Vindicta - Winner!

  • Race: Terran Terran
  • League: Grandmaster
  • Spawn Location: 1:00

llllllllllll

  • Race: Zerg Zerg
  • Spawn Location: 7:00

VOD

Have the link to the VOD?

Description

Time

  • Played on: July 18, 2023, 10:36 a.m.
  • Length: 8:36
Show
View Real Time Build Order
Export as new Build Order

Vindicta Terran - Winner!

Build Orders: Reaper Expand 

Get SALT Encoding   

  12  0:00  SCV  
  13  0:12  SCV  
  14  0:17  Supply Depot  
  14  0:24  SCV  
  15  0:38  SCV  
  15  0:41  Barracks  
  16  0:42  Refinery  
  16  0:50  SCV  
  17  1:03  SCV  
  18  1:15  SCV  
  19  1:27  Orbital Command  
  19  1:28  Reaper  
  20  1:39  Command Center  
  20  1:50  Supply Depot  
  20  1:53  SCV  
  21  2:00  Marine  
  22  2:05  SCV  
  23  2:12  Factory  
  23  2:17  SCV  
  23  2:21  Barracks Reactor  
  24  2:25  Refinery  
  24  2:29  SCV  
  25  2:41  SCV  
  26  2:52  Orbital Command  
  26  2:53  SCV  
  27  3:00  Starport  
  27  3:04  Barracks Tech Lab  
  27  3:05  Hellion x2, SCV  
  31  3:10  Supply Depot  
  32  3:17  SCV  
  32  3:18  SCV  
  34  3:26  Hellion x2  
  38  3:29  SCV  
  38  3:32  Stimpack  
  38  3:33  SCV  
  40  3:38  Viking  
  42  3:41  SCV  
  42  3:46  Supply Depot, SCV  
  44  3:53  SCV  
  45  3:58  SCV  
  45  4:00  Factory Reactor  
  45  4:02  Barracks  
  46  4:04  Barracks  
  46  4:05  SCV  
  43  4:10  SCV  
  43  4:15  Starport Reactor, Marine  
  44  4:18  SCV  
  44  4:20  Supply Depot, Engineering Bay  
  44  4:22  SCV  
  46  4:29  Supply Depot  
  46  4:30  SCV  
  47  4:32  Marine  
  47  4:34  SCV  
  47  4:36  Barracks  
  49  4:38  Barracks  
  49  4:42  SCV  
  49  4:43  Supply Depot  
  50  4:46  SCV  
  50  4:50  Factory Tech Lab  
  51  4:53  Marine x2  
  51  4:55  Medivac x2  
  51  4:59  Terran Infantry Weapons Level 1  
  57  5:01  SCV, Marine  
  57  5:03  Refinery  
  57  5:05  SCV  
  60  5:07  Marine  
  60  5:13  SCV, Marine x2  
  65  5:17  Combat Shield, Marine  
  65  5:18  SCV  
  65  5:19  Marine  
  67  5:25  SCV, Marine  
  67  5:27  Marine  
  68  5:30  Marine  
  68  5:33  Marine x2  
  72  5:35  Marine  
  72  5:37  Marine  
  75  5:43  Marine  
  75  5:44  Siege Tank  
  75  5:45  Marine  
  75  5:47  Supply Depot, Refinery  
  75  5:48  Marine  
  81  5:50  Marine  
  81  5:51  Marine  
  81  5:52  Medivac  
  81  5:53  Marine  
  81  5:55  Marine  
  85  6:01  Marine  
  86  6:09  Supply Depot, Medivac, Marine x4  
  86  6:10  Supply Depot  
  86  6:11  Supply Depot, Marine  
  92  6:13  Marine  
  94  6:20  Siege Tank, Marine  
  98  6:27  Marine x4  
  98  6:30  Marine  
  98  6:31  Marine  
  98  6:32  Supply Depot  
  104  6:38  Marine  
  103  6:44  Marine x4  
  103  6:45  Liberator x2  
  113  6:48  Marine  
  113  6:53  Marine  
  115  6:55  Marine  
  112  7:02  Marine x4  
  112  7:06  Marine, Siege Tank  
  111  7:12  Marine  
  111  7:13  Marine  
  113  7:20  Marine x3  
  113  7:22  Marine  
  116  7:24  Marine  
  112  7:30  Marine  
  112  7:31  Marine  
  105  7:38  Siege Tank, Marine x3  
  105  7:39  Marine  
  105  7:42  Marine  
  113  7:48  Marine  
  113  7:49  Marine  
  113  7:56  Marine x3  
  113  7:57  Marine  
  110  8:00  Marine  
  100  8:05  Marine  
  100  8:07  Marine  
  103  8:13  Marine x3  
  103  8:16  Marine  
  103  8:19  Command Center  
Show
View Real Time Build Order
Export as new Build Order

llllllllllll Zerg 

Build Orders: Hatch First 

Get SALT Encoding   

  12  0:00  Drone  
  13  0:12  Overlord  
  13  0:16  Drone  
  14  0:30  Drone x2  
  16  0:46  Hatchery  
  15  0:50  Drone  
  15  0:53  Drone  
  15  0:56  Drone  
  18  1:07  Extractor  
  17  1:12  Spawning Pool  
  17  1:15  Drone  
  17  1:18  Drone  
  18  1:27  Drone  
  19  1:38  Drone  
  20  1:49  Drone  
  21  1:59  Queen x2  
  21  2:00  Zergling x4  
  27  2:14  Hatchery  
  26  2:17  Overlord  
  26  2:20  Drone  
  27  2:23  Drone  
  28  2:37  Drone x3  
  31  2:46  Overlord  
  31  2:47  Metabolic Boost  
  31  2:49  Overlord  
  31  2:54  Queen  
  31  2:57  Drone  
  31  2:58  Drone  
  35  3:07  Drone x2  
  35  3:08  Drone x2  
  40  3:12  Drone  
  40  3:18  Zergling x4  
  42  3:26  Queen, Baneling Nest  
  43  3:30  Queen  
  45  3:35  Drone x2  
  45  3:36  Zergling x2  
  48  3:41  Drone x2  
  48  3:43  Drone x2  
  48  3:47  Overlord  
  52  3:50  Overlord  
  52  3:52  Zergling x2  
  52  3:53  Zergling x2  
  51  4:10  Drone  
  51  4:11  Drone x6  
  51  4:13  Drone x4  
  61  4:18  Drone  
  61  4:19  Drone  
  63  4:26  Overlord  
  63  4:29  Lair  
  62  4:34  Extractor  
  62  4:35  Zergling x6  
  62  4:37  Extractor  
  63  4:39  Drone x2  
  65  4:45  Baneling x2  
  65  4:46  Baneling x2  
  65  4:53  Drone x2  
  65  4:56  Drone x3  
  65  4:57  Spore Crawler  
  65  4:59  Overlord  
  69  5:00  Overlord  
  69  5:01  Spore Crawler  
  69  5:05  Drone x5  
  73  5:18  Drone x7  
  80  5:26  Drone  
  80  5:27  Drone x6  
  85  5:31  Centrifugal Hooks  
  85  5:35  Evolution Chamber  
  85  5:36  Zergling x4  
  86  5:45  Zergling x6, Extractor  
  86  5:46  Extractor  
  87  5:52  Overlord  
  87  5:55  Baneling x12  
  87  5:59  Hatchery  
  87  6:03  Zergling x6  
  89  6:05  Overlord  
  89  6:15  Zerg Ground Armor Level 1  
  89  6:17  Zergling x10  
  94  6:27  Overlord  
  94  6:29  Zergling x10  
  99  6:33  Zergling x12  
  105  6:45  Queen x3  
  105  6:46  Overlord x3  
  111  6:50  Zergling x4  
  104  7:01  Zergling x18  
  103  7:11  Baneling x13  
  103  7:12  Zergling x12  
  101  7:19  Zergling x2  
  83  7:23  Baneling x4  
  72  7:33  Queen  
  72  7:34  Drone x6  
  72  7:35  Drone x3  
  80  7:40  Hatchery  
  79  7:55  Zergling x12  
  83  7:58  Queen x2  
  83  8:01  Zergling x8  
  83  8:08  Zergling x8  
  82  8:17  Zergling x6  
Tags
 
Add a new tag
Caveats
  • Supply blocks, unpowered buildings, or Contaminate may cause inaccurate times.
  • Supply counts are checked every 10 seconds.